 Dungeon Sprint DCSS version 0.28-a0-938-gbc3f381ebc (webtiles) character file.

Game seed: 9221075267387463410

7200000 emperorscorpion the Archmage (level 27, -2/217 HPs)
             Began as a Djinni Hedge Wizard on Nov 28, 2021.
             Was the Champion of Makhleb.
             Killed by divine providence
             ... invoked by an accursed
              (14 damage)
             ... in the Dungeon (Sprint VIII: "Arena of Blood").
             The game lasted 00:10:58 (72 turns).

emperorscorpion the Archmage (Djinni Hedge Wizard)    Turns: 72, Time: 00:10:58

Health: -2/217     AC:  4    Str:  9    XL:     27
Gold:   0          EV: 38    Int: 17    God:    Makhleb [******] SH:  0 Dex: 25

rFire   + + .      SeeInvis .   i - +∞ Axe of Woe
rCold   x . .      Faith    .   (shield currently unavailable)
rNeg    . . .      Spirit   .   b - +0 robe
rPois   ∞          Reflect  .   c - +0 hat
rElec   .          Harm     .   (no cloak)
rCorr   .          Rampage  .   (no gloves)
Will    ++...      NoTele   +   (boots unavailable)
Stlth   ++++++++++              (no amulet)
HPRegen 0.46/turn               (no ring)
MPRegen 0.00/turn               (no ring)

@: on vortex cooldown, flying
A: sickness immunity, fire resistance 2, cold vulnerability 1, float, innate
caster, hp casting, extra vitality 1
a: Renounce Religion, Minor Destruction, Lesser Servant of Makhleb, Major
Destruction, Greater Servant of Makhleb


You were in the Dungeon.
You worshipped Makhleb.
Makhleb was exalted by your worship.
You visited 1 branch

Inventory:

Hand Weapons
 a - a +0 dagger
 i - the +∞ Axe of Woe (weapon)
   (You found it in the Dungeon)
Armour
 b - a +0 robe (worn)
 c - a +0 hat (worn)
Scrolls
 h - a scroll of blinking
Potions
 d - a potion of curing
 e - a potion of heal wounds
 f - a potion of haste
 g - a potion of berserk rage


   Skills:
 O Level 27 Fighting
 + Level 25.1(27) Short Blades
 + Level 25.1(27) Long Blades
 O Level 27 Axes
 + Level 22.0(27) Maces & Flails
 + Level 22.0(27) Polearms
 + Level 23.7(27) Staves
 + Level 22.0(25.4) Slings
 + Level 22.0 Bows
 + Level 22.0 Crossbows
 + Level 22.0(25.4) Throwing
 + Level 25.6 Armour
 O Level 27 Dodging
 O Level 27 Stealth
 + Level 25.6 Shields
 + Level 25.6 Unarmed Combat
 O Level 27 Spellcasting
 + Level 25.6 Invocations
 + Level 25.6 Evocations


You couldn't memorise any spells.
You knew the following spells:

 Your Spells              Type           Power      Damage    Failure   Level
a - Magic Dart            Conj           100%       1d8       0%          1
b - Blink                 Tloc           100%       N/A       0%          2
c - Call Imp              Summ           86%        N/A       0%          2
d - Slow                  Hex            100%       N/A       0%          1
e - Conjure Flame         Conj/Fire      86%        6-21      0%          3
f - Mephitic Cloud        Conj/Pois/Air  86%        N/A       0%          3
g - Beastly Appendage     Tmut           100%       N/A       0%          1
h - Wereblood             Tmut           86%        N/A       0%          2
i - Call Canine Familiar  Summ           86%        N/A       0%          3
j - Summon Lightning Spi  Summ/Air       86%        N/A       0%          4
k - Irradiate             Conj/Tmut      43%        3d27      0%          5
l - Freezing Cloud        Conj/Ice/Air   43%        6-21      0%          5
m - Summon Cactus Giant   Summ           43%        N/A       0%          6
n - Monstrous Menagerie   Summ           43%        N/A       1%          7
o - Haunt                 Necr/Summ      43%        N/A       1%          7
p - Disjunction           Tloc           43%        N/A       1%          8
q - Borgnjor's Revivific  Necr           43%        N/A       1%          8
r - Polar Vortex          Ice            43%        N/A       2%          9
s - Chain Lightning       Conj/Air       43%        3d57      2%          9
Your spell library was empty.

Dungeon Overview and Level Annotations

Branches:
Dungeon (1/1)

Altars:
Makhleb


Innate Abilities, Weirdness & Mutations

You are immune to sickness and miasma.
You are immune to poison.
Your flesh is very heat resistant. (rF++)
You are vulnerable to cold. (rC-)
You float through the air rather than walking.
You learn spells naturally, not from books.
Your magical power is your life essence.
You have superior vitality. (+4 HP)


Message History

You hear a shout!
The eight-headed meat hydra calls on the powers of darkness!
The eight-headed meat hydra convulses!
The bag of meat convulses! x3
Your body is wracked with pain!
The meat berserker convulses!
The accursed points at you and mumbles some strange words.
Something smites you!
* * * LOW HITPOINT WARNING * * *
The meat beast is engulfed in blazing flames.
The meat beast bites you!!
* * * LOW HITPOINT WARNING * * *
The meat beast tramples you!
* * * LOW HITPOINT WARNING * * *
You are shoved backwards!
Found a ring of see invisible.
The eight-headed meat hydra moves out of view.
Press: ? - help, v - describe, . - travel, g - get item
Here: a meat beast (flame, lightly wounded, fast)
Items here: a +9 vorpal great sword; a +200 ring of slaying.
The floor, spattered with blood.
Press: ? - help, v - describe, . - travel, g - get item
Here: a meat beast (flame, lightly wounded, fast)
Items here: a +9 vorpal great sword; a +200 ring of slaying.
The floor, spattered with blood.
You slice the meat beast!!
You dissect the meat beast like a pig carcass.
You kill the meat beast!
Makhleb accepts your kill.
The eight-headed meat hydra appears out of thin air!
An eight-headed meat hydra comes into view.
The eight-headed meat hydra roars!
The winds around you start to calm down.
You hear a shout! x2
The accursed gestures at you while chanting.
Something smites you!
* * * LOW HITPOINT WARNING * * *
The accursed gestures at you while chanting.
Something smites you!
* * * LOW HITPOINT WARNING * * *
The accursed gestures at you while chanting.
Something smites you!
You die...

..........###oM......
...§§###§§§§o§D###...
..§☼§§§#§§§§§L.# .z
..§M§§§#§§M§§§.#..
..§§§§§D§§§W§§.....
.#§§§§§§§§§§§§.....#
#.M§§§o§§§§O§§....#.
#§§§o§§§§§§§§..##..
#D.M..#§@§○§§§.#....
..§§§§§○§§§§o§.#.§.
..§§§##§#§§§§§.....
..§M §§.§§§§§... .#
§§§.#§§§§.## §§§§.
§§§§.. .............
##.... .=....


You could see 4 accurseds, a tyrant, 2 eight-headed meat hydras, a dread, a meat
berserker (berserk) and 4 bags of meat.

Vanquished Creatures
  4 hell beasts (D)
  A royal mummy (D)
  10 vampire knights (D)
  30 ogres (D)
  2 two-headed ogres (D)
  A lich (D)
  37 orcs (D)
  8 skeletal warriors (D)
93 creatures vanquished.

Vanquished Creatures (others)
  A two-headed ogre (D)
  An orc (D)
2 creatures vanquished.

Grand Total: 95 creatures vanquished

Notes
Turn   | Place    | Note
-------+----------+-------------------------------------------
     0 | D        | Found the +∞ Axe of Woe
     0 | D        | emperorscorpion the Djinni Hedge Wizard began the quest for
                  | the Orb.
     0 | D        | Reached XP level 1. HP: 15/15 MP: 0/0
     3 | D        | Noticed a bag of meat
     4 | D        | Became a worshipper of Makhleb the Destroyer
     4 | D        | Noticed a bag of meat
     5 | D        | Noticed a bag of meat
     6 | D        | Noticed a bag of meat
     7 | D        | Noticed a meat berserker
     9 | D        | Noticed a bag of meat
     9 | D        | Noticed a bag of meat
    10 | D        | Killed a bag of meat
    10 | D        | Noticed a bag of meat
    11 | D        | Reached skill level 10 in Dodging
    11 | D        | Reached XP level 2. HP: 21/21 MP: 0/0
    11 | D        | Reached XP level 3. HP: 25/25 MP: 0/0
    11 | D        | Learned a level 1 spell: Beastly Appendage
    11 | D        | Reached XP level 4. HP: 31/31 MP: 0/0
    11 | D        | Reached XP level 5. HP: 35/35 MP: 0/0
    11 | D        | Learned a level 2 spell: Wereblood
    11 | D        | Reached XP level 6. HP: 40/40 MP: 0/0
    11 | D        | Reached XP level 7. HP: 45/45 MP: 0/0
    11 | D        | Learned a level 3 spell: Call Canine Familiar
    11 | D        | Reached XP level 8. HP: 50/50 MP: 0/0
    11 | D        | Reached XP level 9. HP: 55/55 MP: 0/0
    11 | D        | Learned a level 4 spell: Summon Lightning Spire
    11 | D        | Reached XP level 10. HP: 60/60 MP: 0/0
    11 | D        | Reached XP level 11. HP: 65/65 MP: 0/0
    11 | D        | Learned a level 5 spell: Irradiate
    11 | D        | Noticed a bag of meat
    11 | D        | Noticed a bag of meat
    12 | D        | Killed a bag of meat
    12 | D        | Reached * piety under Makhleb
    12 | D        | Noticed a bag of meat
    13 | D        | Reached XP level 12. HP: 70/70 MP: 0/0
    13 | D        | Killed a meat berserker
    13 | D        | Noticed a meat berserker
    13 | D        | Noticed a bag of meat
    14 | D        | Reached skill level 1 in Fighting
    14 | D        | Reached skill level 10 in Stealth
    14 | D        | Reached XP level 13. HP: 77/77 MP: 0/0
    14 | D        | Learned a level 5 spell: Freezing Cloud
    14 | D        | Killed a bag of meat
    14 | D        | Noticed a bag of meat
    14 | D        | Noticed a bag of meat
    15 | D        | Reached XP level 14. HP: 85/85 MP: 0/0
    15 | D        | Killed a bag of meat
    15 | D        | Reached ** piety under Makhleb
    15 | D        | Noticed a bag of meat
    15 | D        | Noticed a bag of meat
    16 | D        | Killed a bag of meat
    16 | D        | Noticed a meat berserker
    17 | D        | Reached skill level 15 in Dodging
    17 | D        | Killed a bag of meat
    17 | D        | Killed a bag of meat
    17 | D        | Reached *** piety under Makhleb
    17 | D        | Killed a meat berserker
    18 | D        | Reached skill level 27 in Spellcasting
    18 | D        | Reached XP level 15. HP: 23/98 MP: 0/0
    18 | D        | Learned a level 6 spell: Summon Cactus Giant
    19 | D        | Reached XP level 16. HP: 45/111 MP: 0/0
    19 | D        | Reached **** piety under Makhleb
    20 | D        | Noticed a meat berserker
    21 | D        | Reached skill level 15 in Stealth
    21 | D        | Reached XP level 17. HP: 116/123 MP: 0/0
    21 | D        | Learned a level 7 spell: Monstrous Menagerie
    21 | D        | Killed a meat berserker
    21 | D        | Reached ***** piety under Makhleb
    21 | D        | Noticed a large bag of meat
    22 | D        | Noticed a meat berserker
    22 | D        | Noticed a meat berserker
    24 | D        | Killed a meat berserker
    25 | D        | Reached skill level 15 in Fighting
    25 | D        | Reached XP level 18. HP: 139/139 MP: 0/0
    25 | D        | Noticed an eight-headed meat hydra
    26 | D        | Noticed a sculptor of flesh
    26 | D        | Killed a meat berserker
    26 | D        | Killed a meat berserker
    26 | D        | Noticed a meat berserker
    27 | D        | Reached skill level 27 in Axes
    29 | D        | Noticed a sculptor of flesh
    30 | D        | Noticed a destroyer
    30 | D        | Killed a sculptor of flesh
    30 | D        | Reached ****** piety under Makhleb
    31 | D        | Reached XP level 19. HP: 124/161 MP: 0/0
    31 | D        | Learned a level 7 spell: Haunt
    32 | D        | Killed a large bag of meat
    32 | D        | Killed a meat berserker
    32 | D        | Noticed a destroyer
    32 | D        | Noticed a meat berserker
    34 | D        | Noticed a meat berserker
    35 | D        | Noticed a sculptor of flesh
    35 | D        | Noticed a large bag of meat
    36 | D        | Reached skill level 27 in Dodging
    36 | D        | Killed a meat berserker
    37 | D        | Reached skill level 27 in Fighting
    37 | D        | Reached XP level 20. HP: 181/181 MP: 0/0
    37 | D        | Killed a destroyer
    38 | D        | Reached skill level 27 in Stealth
    38 | D        | Noticed a destroyer
    38 | D        | Noticed a destroyer
    38 | D        | Noticed a destroyer
    39 | D        | Noticed a meat berserker
    40 | D        | Reached skill level 5 in Short Blades
    40 | D        | Reached skill level 5 in Long Blades
    40 | D        | Reached skill level 5 in Staves
    40 | D        | Reached skill level 5 in Armour
    40 | D        | Reached skill level 5 in Shields
    40 | D        | Reached skill level 5 in Unarmed Combat
    40 | D        | Reached skill level 5 in Invocations
    40 | D        | Reached skill level 5 in Evocations
    40 | D        | Noticed a destroyer
    40 | D        | Noticed a destroyer
    40 | D        | Noticed a destroyer
    40 | D        | Noticed a meat berserker
    41 | D        | Noticed a destroyer
    41 | D        | Noticed a meat berserker
    42 | D        | Killed a destroyer
    42 | D        | Killed a destroyer
    42 | D        | Noticed a meat berserker
    42 | D        | Noticed a meat berserker
    43 | D        | Reached XP level 21. HP: 187/187 MP: 0/0
    43 | D        | Learned a level 8 spell: Disjunction
    43 | D        | Killed a destroyer
    43 | D        | Noticed a tyrant
    43 | D        | Noticed an accursed
    44 | D        | Reached skill level 10 in Armour
    44 | D        | Reached skill level 10 in Shields
    44 | D        | Reached skill level 10 in Unarmed Combat
    44 | D        | Reached skill level 10 in Invocations
    44 | D        | Reached skill level 10 in Evocations
    44 | D        | Killed a tyrant
    44 | D        | Killed a destroyer
    44 | D        | Noticed a meat berserker
    44 | D        | Noticed a meat berserker
    45 | D        | Reached skill level 10 in Maces & Flails
    45 | D        | Reached skill level 10 in Polearms
    45 | D        | Reached skill level 10 in Slings
    45 | D        | Reached skill level 10 in Bows
    45 | D        | Reached skill level 10 in Crossbows
    45 | D        | Reached skill level 10 in Throwing
    45 | D        | Reached XP level 22. HP: 185/194 MP: 0/0
    45 | D        | Killed a destroyer
    45 | D        | Killed a destroyer
    45 | D        | Killed a meat berserker
    46 | D        | Reached XP level 23. HP: 201/201 MP: 0/0
    46 | D        | Learned a level 8 spell: Borgnjor's Revivification
    46 | D        | Noticed an accursed
    48 | D        | Noticed an accursed
    49 | D        | Noticed a destroyer
    51 | D        | Reached skill level 15 in Armour
    51 | D        | Reached skill level 15 in Shields
    51 | D        | Reached skill level 15 in Unarmed Combat
    51 | D        | Reached skill level 15 in Invocations
    51 | D        | Reached skill level 15 in Evocations
    51 | D        | Noticed an accursed
    51 | D        | Noticed an accursed
    52 | D        | Noticed an accursed
    52 | D        | Killed a destroyer
    53 | D        | Reached skill level 15 in Staves
    53 | D        | Reached XP level 24. HP: 171/197 MP: 0/0
    54 | D        | Killed a destroyer
    55 | D        | Noticed a destroyer
    56 | D        | Reached skill level 15 in Maces & Flails
    56 | D        | Reached skill level 15 in Polearms
    56 | D        | Reached skill level 15 in Slings
    56 | D        | Reached skill level 15 in Bows
    56 | D        | Reached skill level 15 in Crossbows
    56 | D        | Reached skill level 15 in Throwing
    57 | D        | Noticed a dread
    58 | D        | Noticed a meat beast
    60 | D        | Killed an accursed
    60 | D        | Noticed a large bag of meat
    61 | D        | Reached XP level 25. HP: 83/203 MP: 0/0
    61 | D        | Learned a level 9 spell: Polar Vortex
    61 | D        | Killed a large bag of meat
    62 | D        | Noticed a meat beast
    62 | D        | Killed a meat beast
    62 | D        | Killed a destroyer
    63 | D        | Reached XP level 26. HP: 106/211 MP: 0/0
    64 | D        | Noticed a meat beast
    64 | D        | Killed a large bag of meat
    66 | D        | Noticed a meat beast
    67 | D        | Noticed a tyrant
    69 | D        | Reached XP level 27. HP: 209/217 MP: 0/0
    69 | D        | Learned a level 9 spell: Chain Lightning
    70 | D        | Killed a meat beast
    70 | D        | Killed a meat beast
    72 | D        | Killed a meat beast
    72 | D        | Killed from afar by an accursed

Illustrated notes

Levels and vault maps discovered:
D:        meatsprint

Skill      XL: |  1  2  3  4  5  6  7  8  9 10 11 12 13 14 15 16 17 18 19 20 21 22 23 24 25 26 27 |
---------------+----------------------------------------------------------------------------------+-----
Axes           | 2 4 6 13 16 19 24 27 | 27.0
Dodging        | 10 12 13 14 16 17 19 21 24 27 | 27.0
Stealth        | 7 9 10 11 13 14 15 17 19 26 27 | 27.0
Spellcasting   | 17 19 22 23 27 | 27.0
Fighting       | 1 2 6 8 11 15 22 27 | 27.0
Short Blades   | 8 11 14 16 19 21 22 25 | 25.1
Long Blades    | 8 11 14 16 19 21 22 25 | 25.1
Maces & Flails | 7 10 12 14 17 18 19 22 | 22.0
Polearms       | 7 10 12 14 17 18 19 22 | 22.0
Staves         | 8 11 13 15 18 20 21 23 | 23.7
Slings         | 7 10 12 14 17 18 19 22 | 22.0
Bows           | 7 10 12 14 17 18 19 22 | 22.0
Crossbows      | 7 10 12 14 17 18 19 22 | 22.0
Throwing       | 7 10 12 14 17 18 19 22 | 22.0
Armour         | 8 12 14 16 20 22 25 | 25.6
Shields        | 8 12 14 16 20 22 25 | 25.6
Unarmed Combat | 8 12 14 16 20 22 25 | 25.6
Invocations    | 8 12 14 16 20 22 25 | 25.6
Evocations     | 8 12 14 16 20 22 25 | 25.6

Action                   |  1- 3 |  4- 6 |  7- 9 | 10-12 | 13-15 | 16-18 | 19-21 | 22-24 | 25-27 || total
-------------------------+-------+-------+-------+-------+-------+-------+-------+-------+-------++-------
Melee: Executioner's axe |     1 |       |       |     2 |     5 |     8 |     8 |    11 |    10 ||    45
 Cast: Wereblood         |       |       |       |     1 |       |       |       |       |       ||     1
       Freezing Cloud    |       |       |       |       |       |     1 |       |       |       ||     1
       Haunt             |       |       |       |       |       |       |     1 |     1 |       ||     2
       Disjunction       |       |       |       |       |       |       |       |     2 |       ||     2
       Borgnjor's Revivi |       |       |       |       |       |       |       |     1 |       ||     1
       Polar Vortex      |       |       |       |       |       |       |       |       |     1 ||     1

Table legend: (Time is in decaauts)
 A = Elapsed time spent in this place.
 B = Non-inter-level travel time spent in this place.
 C = Inter-level travel time spent in this place.
 D = Time resting spent in this place.
 E = Time spent auto-exploring this place.
 F = Levels seen in this place.
 G = Mean time per level.
                   A        B        C        D        E       F      G
               +--------+--------+--------+--------+--------+-----+--------+
         Total |     66 |     66 |      0 |      0 |      0 |   1 |   66.0 |
       Dungeon |     66 |     66 |      0 |      0 |      0 |   1 |   66.0 |
               +--------+--------+--------+--------+--------+-----+--------+

Top non-repeatable levels by time:
       D: 66 daAuts
